 Dungeon Crawl Stone Soup version 0.20-a0-1020-g7b9e4fe (webtiles) character file.

144797 JeffiDaFish the Peltast (level 17, -9/112 HPs)
             Began as a Gargoyle Fighter on Apr 18, 2017.
             Was the Champion of Okawaru.
             Killed from afar by Mara (46 damage)
             ... with a bolt of fire
             ... on level 4 of the Snake Pit on Apr 19, 2017.
             The game lasted 01:17:36 (25524 turns).

JeffiDaFish the Peltast (Gargoyle Fighter)         Turns: 25524, Time: 01:17:37

Health: -9/112     AC: 45    Str: 22    XL:     17   Next: 40%
Magic:  17/17      EV: 14    Int:  9    God:    Okawaru [******]
Gold:   711        SH: 35    Dex: 28    Spells: 16/16 levels left

rFire    . . .     SeeInvis .   I - +4 demon whip (elec)
rCold    + + .     Gourm    .   L - +4 large shield
rNeg     + + .     Faith    .   b - +4 plate armour {rC+}
rPois    ∞         Spirit   .   w - +2 hat
rElec    +         Reflect  +   e - +2 cloak {rPois}
rCorr    +         Harm     .   z - +2 pair of gloves
MR       +....                  p - +2 pair of boots of Tomorrow {rCorr Stlth+}
Stlth    +.........             K - brooch of Shielding {Reflect SH+8}
Regen    0.3/turn               E - +5 ring of dexterity
MPRegen  0.2/turn               C - ring "Weuhim" {rElec rN+ Dex+4}

@: agile, flying
A: big wings, horns 1, cold resistance 1, negative energy resistance 1,
electricity resistance, unbreathing, petrification resistance, rot immunity, AC
+12
a: Stop Flying, Heroism, Finesse, Renounce Religion


You were on level 4 of the Snake Pit.
You worshipped Okawaru.
Okawaru was exalted by your worship.
You were not hungry.

You visited 5 branches of the dungeon, and saw 28 of its levels.
You also visited: Sewer, Bailey and Volcano.

You collected 3267 gold pieces.
You spent 2556 gold pieces at shops.

Inventory:

Hand Weapons
 B - a +5 morningstar of flaming
 I - a +4 demon whip of electrocution (weapon)
Armour
 b - a +4 plate armour of cold resistance (worn)
 e - a +2 cloak of poison resistance (worn)
 p - the +2 pair of boots of Tomorrow (worn) {rCorr Stlth+}
   (Okawaru gifted it to you on level 3 of the Lair of Beasts)

   It protects you from acid and corrosion.
   It makes you more stealthy.
 w - a +2 hat (worn)
 z - a +2 pair of gloves (worn)
 L - a +4 large shield (worn)
Jewellery
 m - an uncursed amulet of regeneration
 C - the ring "Weuhim" (right hand) {rElec rN+ Dex+4}
   (You bought it in a shop on level 7 of the Dungeon)

   [ring of dexterity]

   It affects your dexterity (+4).
   It insulates you from electricity.
   It protects you from negative energy.
 E - a +5 ring of dexterity (left hand)
 H - an uncursed ring of see invisible
 K - the brooch of Shielding (around neck) {Reflect SH+8}
   (You bought it in a shop on level 3 of the Snake Pit)

   [amulet of reflection]

   It shields you and reflects attacks.
   It affects your SH (+8).
Scrolls
 a - 9 scrolls of identify
 d - 4 scrolls of amnesia
 h - 4 scrolls of magic mapping
 j - 12 scrolls of remove curse
 r - 3 scrolls of teleportation
 u - 3 scrolls of fear
 x - 4 scrolls of blinking
 y - 3 scrolls of recharging
Potions
 c - a potion of cancellation
 o - a potion of resistance
 q - a potion of might
 s - 3 potions of brilliance
 v - 7 potions of curing
 A - 2 potions of magic
 F - 2 potions of agility
 G - a potion of ambrosia
Books
 k - a book of Geomancy

   Spells                             Type                      Level
   a - Sandblast                      Earth                        1
   b - Passwall                       Transmutation/Earth          2
   c - Stone Arrow                    Conjuration/Earth            3
   d - Petrify                        Transmutation/Earth          4
   e - Lee's Rapid Deconstruction     Earth                        5
 l - a book of Air

   Spells                             Type                      Level
   a - Shock                          Conjuration/Air              1
   b - Swiftness                      Charms/Air                   2
   c - Static Discharge               Conjuration/Air              3
   d - Airstrike                      Air                          4
   e - Lightning Bolt                 Conjuration/Air              5
 t - a book of the Dragon

   Spells                             Type                      Level
   a - Flame Tongue                   Conjuration/Fire             1
   b - Cause Fear                     Hexes                        4
   c - Bolt of Fire                   Conjuration/Fire             6
   d - Dragon Form                    Transmutation                7
   e - Dragon's Call                  Summoning                    9
 J - Wizardry Continued
   (You found it in a bailey)

   Spells                             Type                      Level
   a - Regeneration                   Charms/Necromancy            3
   b - Conjure Flame                  Conjuration/Fire             3
   c - Stone Arrow                    Conjuration/Earth            3
   d - Portal Projectile              Hexes/Translocation          3
   e - Gell's Gravitas                Translocation                3
Comestibles
 f - 10 bread rations
 g - 20 meat rations
 i - 57 fruits
 n - 11 royal jellies
 D - a chunk of flesh


   Skills:
 + Level 14.3 Fighting
 + Level 17.5 Maces & Flails
 + Level 13.7 Armour
 - Level 4.1 Dodging
 - Level 3.9 Stealth
 + Level 19.1 Shields


You had 16 spell levels left.
You didn't know any spells.

Dungeon Overview and Level Annotations

Branches:
Dungeon (15/15)            Temple (1/1) D:6            Lair (6/6) D:8
 Shoals (0/4) Lair:2        Snake (4/4) Lair:4        Slime (0/5) Lair:5
    Orc (2/2) D:10            Elf (0/3) Orc:2        Vaults (0/5) D:13
 Depths (0/5) D:15

Altars:
Ashenzari
Cheibriados
Dithmenos
Fedhas
Hepliaklqana
Kikubaaqudgha
Makhleb
Nemelex Xobeh
Okawaru
Ru
Vehumet
Wu Jian
Xom
Zin
The Shining One

Shops:
D:7 =   D:11 =   Orc:2 [*(:   Snake:3 =

Portals:
Trove: D:10 (give 15 scrolls of teleportation)

Annotations:
Lair:6 exclusion: oklob plant
Snake:4 Mara


Innate Abilities, Weirdness & Mutations

You are resistant to torment.
Your stone body is resilient. (AC +12)
You are immune to poison.
Your large and strong wings let you fly indefinitely.
You resist negative energy. (rN+)
You are resistant to electric shocks. (rElec)
You can survive without breathing.
You are immune to petrification.
You are immune to rotting.
You have a pair of small horns on your head.
Your flesh is cold resistant. (rC+)


Message History

Mara is almost dead.
You block Mara's attack. x2
You hit Mara. You headbutt Mara.
Mara is almost dead.
You hit Mara. You headbutt Mara, but do no damage.
Mara is almost dead.
Mara gestures at you. The bolt of fire hits you! Mara gestures at you.
Pain shoots through your body! Mara hits you but does no damage.
You hit Mara but do no damage. Lightning courses through Mara!
Mara is almost dead.
You closely miss Mara.
Mara is almost dead.
Mara growls.
You block Mara's attack. x2
JeffiDaFish's illusion hits you but does no damage.
Mara gestures at you. The bolt of fire hits you!
You die...

### ##.##
###...##
##..##..##
##..####..##
##..######..##
##..###..##...###
##..## #....R..##
#..## ##.R@R...##
##.## ..
##@......#
##...#..#
###......#
##.....#
###..##..#
#....### #### ..#
....## ..# .#.##
.. .### # ###


You could see 3 Maras and JeffiDaFish's illusion.

Vanquished Creatures
  Rupert (D:13)
  Agnes (Snake:4)
  Kirke (D:13)
  2 nagarajas (Snake:2)
  2 orc warlords
  Louise (D:15)
  Aizul (Snake:2)
  Nessos (D:12)
  A dire elephant (Lair:3)
  The ghost of CaducityX the Spear-Bearer, a journeyman DsGl of Wu Jian (D:12)
  Snorg (D:12)
  A fire dragon (D:15)
  Josephine (D:11)
  Harold (Orc:1)
  4 hydras
  3 catoblepae (Lair:6)
  3 naga warriors
  6 two-headed ogres
  8 anacondas
  3 centaur warriors
  An alligator (shapeshifter) (D:15)
  3 orc high priests (Orc:2)
  12 death yaks
  4 naga sharpshooters
  A shock serpent (Snake:4)
  Sonja (D:13)
  A sea snake (Snake:2)
  A salamander mystic (Snake:1)
  2 unseen horrors
  2 wizards (D:13)
  6 naga ritualists
  The ghost of herbganker the Basher, a novice MiBe of Trog (D:7)
  5 orc knights
  The ghost of nebgrebaes the Lord of Darkness, a novice DENe of Kikubaaqudgha (Bailey)
  2 deep elf magi
  A wolf spider zombie (D:14)
  2 ugly things
  6 mana vipers
  5 orc sorcerers
  A wolf spider (D:15)
  4 cyclopes
  The ghost of astralcataclysm the Ducker, a novice OpFE of the Shining One (D:6)
  8 salamanders
  4 manticores
  A guardian serpent (Snake:3)
  8 naga magi
  29 black mambas
  Maurice (D:13)
  A torpor snail (Lair:4)
  13 elephants (Lair:3)
  18 spiny frogs
  A rime drake (Lair:2)
  9 komodo dragons
  2 polar bears
  2 hornets (D:12)
  3 meliai (D:14)
  6 trolls
  Prince Ribbit (D:7)
  28 blink frogs
  11 slime creatures (D:14)
  7 hippogriffs
  A shadow (D:14)
  7 redbacks (Snake:3)
  10 wraiths
  A spriggan (Lair:3)
  5 wyverns
  55 yaks
  2 hogs (D:13)
  3 fire bats (Volcano)
  4 hungry ghosts
  Grum (D:8)
  3 vampire mosquitoes (D:15)
  4 basilisks
  Menkaure (D:7)
  19 nagas
  6 wargs
  3 hell hounds
  23 water moccasins
  4 porcupines
  Duvessa (D:7)
  35 orc warriors
  A swamp drake (D:10)
  2 ice beasts
  A black bear (D:7)
  2 sky beasts
  2 phantoms (D:13)
  11 centaurs
  35 wolves
  17 ogres
  9 crocodiles
  5 big kobolds
  A wyvern zombie (D:14)
  14 bullfrogs
  Dowan (D:7)
  2 scorpions
  15 killer bees
  10 wights
  5 electric eels
  7 howler monkeys
  7 crimson imps
  A quasit (D:12)
  3 centaur zombies
  4 hounds
  5 jellies
  17 orc priests
  5 centaur skeletons
  A bullfrog skeleton (D:5)
  4 worker ants
  3 iguanas
  18 orc wizards
  A hound skeleton (D:7)
  A howler monkey skeleton (D:11)
  7 gnolls
  4 river rats (Sewer)
  14 adders
  A shadow imp (D:10)
  9 oozes
  2 adder skeletons (D:7)
  2 worms
  4 dart slugs
  8 leopard geckos
  87 orcs
  10 giant cockroaches
  7 goblins
  7 hobgoblins
  9 jackals
  53 kobolds
  6 quokkas
  9 ball pythons
  9 bats
  9 frilled lizards
  A jackal zombie (D:7)
  28 rats
  A butterfly (Lair:6)
  2 fungi (Orc:2)
  A plant (Lair:5)
947 creatures vanquished.

Vanquished Creatures (others)
  2 naga sharpshooters (Snake:3)
  A naga mage (Snake:3)
  A troll (Orc:2)
  A human (D:13)
  An orc (Orc:1)
  A ball python (Snake:2)
  62 fungi
  26 plants
  25 toadstools
120 creatures vanquished.

Grand Total: 1067 creatures vanquished

Notes
Turn   | Place    | Note
-------+----------+-------------------------------------------
     0 | D:1      | JeffiDaFish the Gargoyle Fighter began the quest for the Orb.
     0 | D:1      | Reached XP level 1. HP: 14/14 MP: 1/1
    40 | D:1      | Reached XP level 2. HP: 12/19 MP: 2/2
   363 | D:1      | Reached XP level 3. HP: 23/23 MP: 3/3
  1180 | D:2      | Reached XP level 4. HP: 28/28 MP: 4/4
  1225 | D:2      | Reached skill level 1 in Dodging
  1299 | D:2      | Found a snail-covered altar of Cheibriados.
  1863 | D:3      | Reached skill level 4 in Shields
  1963 | D:3      | Reached XP level 5. HP: 31/33 MP: 5/5
  1982 | D:3      | Noticed an ogre
  1991 | D:3      | Killed an ogre
  2145 | D:3      | Reached skill level 1 in Stealth
  2145 | D:3      | Reached XP level 6. HP: 27/38 MP: 6/6
  2474 | D:3      | Reached skill level 5 in Shields
  2474 | D:3      | Reached XP level 7. HP: 26/43 MP: 7/7
  3040 | D:4      | Reached skill level 5 in Maces & Flails
  3120 | D:4      | Found a glowing drain.
  3151 | Sewer    | Entered a sewer
  4155 | D:5      | Entered Level 5 of the Dungeon
  4773 | D:5      | Found a burning altar of Makhleb.
  4775 | D:5      | Found a blossoming altar of Fedhas.
  4775 | D:5      | Found a shimmering altar of Xom.
  4777 | D:5      | Found a glowing golden altar of the Shining One.
  4777 | D:5      | Found a glowing silver altar of Zin.
  4777 | D:5      | Found a shimmering altar of Xom.
  4918 | D:5      | Reached XP level 8. HP: 44/48 MP: 8/8
  5181 | D:5      | Reached skill level 5 in Armour
  5181 | D:5      | Reached skill level 6 in Shields
  5371 | D:6      | Found a staircase to the Ecumenical Temple.
  5386 | Temple   | Entered the Ecumenical Temple
  5461 | Temple   | Became a worshipper of Warmaster Okawaru
  5495 | D:6      | Noticed astralcataclysm's ghost (novice OpFE)
  5510 | D:6      | Killed astralcataclysm's ghost
  5510 | D:6      | Reached * piety under Okawaru
  5963 | D:7      | Noticed herbganker's ghost (novice MiBe)
  5985 | D:7      | Reached skill level 5 in Fighting
  5997 | D:7      | Reached XP level 9. HP: 54/54 MP: 9/9
  6053 | D:7      | Reached skill level 7 in Shields
  6096 | D:7      | Killed herbganker's ghost
  6096 | D:7      | Reached ** piety under Okawaru
  6277 | D:7      | Noticed Menkaure
  6306 | D:7      | Killed Menkaure
  6306 | D:7      | Reached *** piety under Okawaru
  6521 | D:7      | Found Kaodd's Jewellery Boutique.
  6521 | D:7      | Noticed Duvessa
  6522 | D:7      | Noticed Dowan
  6523 | D:7      | Noticed Prince Ribbit
  6539 | D:7      | Killed Duvessa
  6553 | D:7      | Killed Prince Ribbit
  6553 | D:7      | Reached skill level 8 in Shields
  6553 | D:7      | Reached XP level 10. HP: 60/60 MP: 10/10
  6558 | D:7      | Killed Dowan
  7212 | D:8      | Reached **** piety under Okawaru
  7429 | D:8      | Noticed Grum
  7431 | D:8      | Noticed a two-headed ogre
  7444 | D:8      | Killed a two-headed ogre
  7444 | D:8      | Reached skill level 9 in Shields
  7463 | D:8      | Killed Grum
  7463 | D:8      | Reached ***** piety under Okawaru
  7489 | D:8      | Reached skill level 10 in Maces & Flails
  7552 | D:8      | Gained mutation: Your flesh is cold resistant. (rC+) [potion of mutation]
  7552 | D:8      | Gained mutation: Your muscles are strong. (Str +2) [potion of mutation]
  7552 | D:8      | Lost mutation: Your muscles are strong. (Str +2) [potion of mutation]
  7552 | D:8      | Gained mutation: You have a pair of small horns on your head. [potion of mutation]
  7682 | D:8      | Found a staircase to the Lair.
  7849 | Lair:1   | Entered Level 1 of the Lair of Beasts
  7859 | Lair:1   | Noticed a five-headed hydra
  7865 | Lair:1   | Killed a five-headed hydra
  7865 | Lair:1   | Reached XP level 11. HP: 52/66 MP: 11/11
  8005 | Lair:1   | HP: 2/67 [yak (3)]
  8010 | Lair:1   | Reached skill level 10 in Shields
  8015 | Lair:1   | Reached ****** piety under Okawaru
  8386 | Lair:1   | Received a gift from Okawaru
  8716 | Lair:2   | Found a staircase to the Shoals.
  8716 | Lair:2   | Noticed a seven-headed hydra
  8730 | Lair:2   | Killed a seven-headed hydra
  9137 | D:7      | Bought the ring "Weuhim" {rElec rN+ Dex+4} for 587 gold pieces
  9649 | Lair:3   | Found a dark tunnel.
  9654 | Volcano  | Entered a volcano
  9668 | Volcano  | Reached XP level 12. HP: 73/73 MP: 12/12
  9683 | Volcano  | Reached skill level 11 in Shields
  9723 | Volcano  | Noticed a fire dragon
  9910 | Lair:3   | Received a gift from Okawaru
 10256 | Lair:3   | Noticed a dire elephant
 10259 | Lair:3   | Reached skill level 12 in Shields
 10275 | Lair:3   | Killed a dire elephant
 10275 | Lair:3   | Received a gift from Okawaru
 10364 | Lair:3   | Got a pair of ichor-stained boots {god gift}
 10375 | Lair:3   | Identified the +2 pair of boots of Tomorrow {rCorr Stlth+} (Okawaru gifted it to you on level 3 of the Lair of Beasts)
 11092 | Lair:4   | Noticed a death yak
 11108 | Lair:4   | Killed a death yak
 11108 | Lair:4   | Reached skill level 10 in Armour
 11108 | Lair:4   | Reached XP level 13. HP: 62/80 MP: 13/13
 11205 | Lair:4   | Found a staircase to the Snake Pit.
 11353 | Lair:4   | Reached skill level 13 in Shields
 11830 | Lair:5   | HP: 4/80 [black mamba (5)]
 12413 | Lair:5   | Found a staircase to the Slime Pits.
 12583 | Lair:6   | Entered Level 6 of the Lair of Beasts
 12808 | Lair:5   | Received a gift from Okawaru
 12904 | Lair:6   | Reached skill level 10 in Fighting
 13008 | Lair:6   | Gained mutation: Your large and strong wings let you fly indefinitely. [Gargoyle growth]
 13008 | Lair:6   | Reached XP level 14. HP: 81/88 MP: 14/14
 13046 | Lair:6   | Reached skill level 14 in Shields
 13202 | Lair:6   | Found a blossoming altar of Fedhas.
 13565 | Lair:6   | Received a gift from Okawaru
 13647 | Lair:6   | Reached skill level 15 in Maces & Flails
 15067 | D:10     | Entered Level 10 of the Dungeon
 15359 | D:10     | Found a staircase to the Orcish Mines.
 15746 | D:10     | Found a portal to a secret trove of treasure.
 16270 | D:11     | Noticed Josephine
 16290 | D:11     | Killed Josephine
 16290 | D:11     | Received a gift from Okawaru
 16485 | D:11     | Found Tiodemus's Jewellery Shoppe.
 16583 | D:12     | Noticed Nessos
 16598 | D:12     | Killed Nessos
 16598 | D:12     | Reached XP level 15. HP: 46/95 MP: 15/15
 16685 | D:12     | Found a flagged portal.
 16700 | Bailey   | Entered a bailey
 16700 | Bailey   | Noticed nebgrebaes's ghost (novice DENe)
 16716 | Bailey   | Killed nebgrebaes's ghost
 16756 | Bailey   | Identified Wizardry Continued
 17179 | D:12     | Noticed Snorg
 17183 | D:12     | Noticed CaducityX's ghost (journeyman DsGl)
 17187 | D:12     | Killed Snorg
 17187 | D:12     | Reached skill level 15 in Shields
 17196 | D:12     | Killed CaducityX's ghost
 17355 | D:12     | Received a gift from Okawaru
 17874 | D:13     | Noticed Rupert
 17887 | D:13     | Killed Rupert
 17982 | D:13     | Noticed Maurice
 17987 | D:13     | Killed Maurice
 18108 | D:13     | Noticed Sonja
 18114 | D:13     | Killed Sonja
 18122 | D:13     | Noticed Kirke
 18144 | D:13     | Killed Kirke
 18365 | D:13     | Found a gate to the Vaults.
 19080 | D:14     | Reached skill level 16 in Shields
 19369 | D:14     | Received a gift from Okawaru
 19504 | D:15     | Entered Level 15 of the Dungeon
 19548 | D:15     | Found a snail-covered altar of Cheibriados.
 20069 | D:15     | Noticed Louise
 20092 | D:15     | Killed Louise
 20291 | D:15     | Reached XP level 16. HP: 103/103 MP: 16/16
 20370 | D:15     | Found a staircase to the Depths.
 20913 | Orc:1    | Entered Level 1 of the Orcish Mines
 21018 | Orc:1    | Noticed Harold
 21030 | Orc:1    | Reached skill level 17 in Shields
 21061 | Orc:1    | Killed Harold
 21499 | Orc:2    | Entered Level 2 of the Orcish Mines
 21501 | Orc:2    | Found Vamnom's Antique Weapon Shoppe.
 21514 | Orc:2    | Received a gift from Okawaru
 21540 | Orc:2    | Got a steaming morningstar {god gift}
 21644 | Orc:1    | Identified the +3 morningstar "Gerr" {chaos, rPois Int+6 Dex+4} (Okawaru gifted it to you on level 2 of the Orcish Mines)
 21695 | Orc:2    | Found Plog's Book Boutique.
 21882 | Orc:2    | Paralysed by an orc sorcerer for 2 turns
 22198 | Orc:2    | Found a staircase to the Elven Halls.
 22247 | Orc:2    | Found Sago's Antique Armour Shop.
 22258 | Orc:2    | Bought an embroidered cloak for 165 gold pieces
 22398 | Orc:2    | Found Kamiaklit's General Store.
 22414 | Orc:2    | Bought a scroll of enchant armour for 105 gold pieces
 22414 | Orc:2    | Bought a scroll of enchant weapon for 105 gold pieces
 23065 | Snake:1  | Entered Level 1 of the Snake Pit
 23102 | Snake:1  | Reached skill level 18 in Shields
 23143 | Snake:1  | Received a gift from Okawaru
 23419 | Snake:1  | Found a hazy altar of Hepliaklqana.
 23988 | Snake:2  | Noticed Aizul
 24003 | Snake:2  | Killed Aizul
 24011 | Snake:2  | Noticed a nagaraja
 24028 | Snake:2  | Killed a nagaraja
 24077 | Snake:2  | Noticed a nagaraja
 24088 | Snake:2  | Killed a nagaraja
 24366 | Snake:3  | Found Ireahoe's Jewellery Boutique.
 24416 | Snake:3  | Reached XP level 17. HP: 110/110 MP: 17/17
 24433 | Snake:3  | Bought the brooch of Shielding {Reflect SH+8} for 1594 gold pieces
 24799 | Snake:3  | Reached skill level 19 in Shields
 25258 | Snake:4  | Entered Level 4 of the Snake Pit
 25304 | Snake:4  | Received a gift from Okawaru
 25420 | Snake:4  | Noticed Agnes
 25430 | Snake:4  | Killed Agnes
 25456 | Snake:4  | Noticed Mara
 25476 | Snake:4  | Noticed JeffiDaFish's illusion
 25517 | Snake:4  | Noticed JeffiDaFish's illusion
 25524 | Snake:4  | Killed from afar by Mara

Vault maps used:
D:1:      kennysheep_arrival_forest, minmay_misc_feat_secret_circle
D:2:      cheibrodos_helix_gallery, overflow_temple_1_default
D:3:      cheibrodos_fertilizer, minmay_divided_ellipse
D:4:      first_bread, gup_sewer_entry_glass, minmay_liquid_box,
          kennysheep_generic_room_14
D:5:      doesnt_xom_only_xom
D:6:      minmay_temple_entry_junction
D:7:      cheibrodos_barr_body, serial_shops, shop_fountains, uniq_duvessa,
          uniq_prince_ribbit1, uniq_menkaure
D:8:      lair_entry_dummy, uniq_grum
D:9:      grunt_ogre_cave
D:10:     erik_orc_1, enter_trove_3, corexii_hall_statues_t,
          hangedman_decor_opposing
D:11:     serial_shops, shop, uniq_josephine
D:12:     enter_bailey_2, hangedman_abyss_or_decor_stagger, uniq_nessos,
          uniq_snorg
D:13:     david_vaults_1, uniq_rupert, uniq_sonja, uniq_kirke, uniq_maurice
D:14:     eino_jars
D:15:     hangedman_depths_entry_try_elsewhere_first, basic_altar, uniq_louise
Temple:   roderic_octagonal_lattice_temple
Lair:1:   st_stairs_10, nicolae_quartered_pool_little, serial_bayou_shore_b,
          serial_bayou_shore_b
Lair:2:   elwin_shoals_entry_rocks
Lair:3:   mu_elephants_graveyard, enter_volcano_4, grunt_forest_large_clearings
Lair:4:   guppyfry_snake_entry_island, minivault_24
Lair:5:   slime_dummy, lemuel_fruit_fields, serial_bayou_shore_a,
          grunt_megastairs_2
Lair:6:   evilmike_catoblepas_cave, serial_bayou_ford_a, tgw_fedhas,
          lemuel_fruit_fields, lemuel_fruit_fields
Snake:1:  basic_altar, spider_trap
Snake:2:  minmay_snake_pond, serial_bayou_shore_b, uniq_aizul
Snake:3:  serial_shops, shop, spider_trap
Snake:4:  grunt_snake_rune_spirals, basic_altar, uniq_agnes, uniq_mara
Orc:1:    uniq_harold
Orc:2:    grunt_orc_gardens, grunt_orc_garden, grunt_orc_garden,
          grunt_orc_garden, grunt_orc_garden
Sewer:    sewer_minmay_treatment
Bailey:   bailey_polearm_4, bailey
Volcano:  volcano_pools

Skill      XL: |  1  2  3  4  5  6  7  8  9 10 11 12 13 14 15 16 17 |
---------------+----------------------------------------------------+-----
Dodging        | 1 2 3 4 |  4.1
Shields        | 4 5 6 8 9 10 12 13 14 16 18 19 | 19.1
Fighting       | 4 5 6 8 9 10 11 12 13 14 | 14.3
Maces & Flails | 3 4 5 7 8 10 11 13 14 15 16 17 | 17.5
Armour         | 4 6 8 9 10 11 12 13 | 13.7
Stealth        | 1 2 3 |  3.9

Action                   |  1- 3 |  4- 6 |  7- 9 | 10-12 | 13-15 | 16-18 || total
-------------------------+-------+-------+-------+-------+-------+-------++-------
Melee: Flail             |   156 |   184 |   570 |       |       |       ||   910
       Morningstar       |       |       |    47 |   741 |  1397 |   641 ||  2826
       Headbutt          |       |       |       |   167 |   438 |   274 ||   879
       Demon whip        |       |       |       |       |    50 |   216 ||   266
       Glaive            |       |       |       |       |    16 |       ||    16
 Abil: Fly               |       |       |       |       |     1 |       ||     1
Evoke: Wand              |       |       |       |     1 |       |       ||     1
  Use: Scroll            |     6 |     6 |     9 |     7 |    13 |    10 ||    51
       Potion            |     2 |     2 |     8 |     6 |     6 |     5 ||    29
 Stab: Petrified         |       |       |       |       |     7 |       ||     7
       Confused          |       |       |       |       |     1 |       ||     1
       Petrifying        |       |       |       |       |     1 |       ||     1
       Distracted        |       |       |       |       |       |     1 ||     1
  Eat: Chunk             |     1 |     4 |    12 |    15 |    32 |    16 ||    80
       Royal jelly       |       |       |     2 |       |       |     1 ||     3
       Bread ration      |       |       |     1 |       |       |       ||     1
Armor: Scale mail        |   100 |    60 |       |       |       |       ||   160
       Chain mail        |       |    34 |   498 |    42 |       |       ||   574
       Plate armour      |       |       |       |   515 |   702 |   319 ||  1536
Dodge: Dodged            |    69 |    60 |   222 |   322 |   346 |   160 ||  1179
Block: Shield            |   114 |   100 |   463 |   648 |   931 |       ||  2256
       Large shield      |       |       |       |       |     9 |  1052 ||  1061
       Reflection        |       |       |       |       |       |    29 ||    29
